 Dungeon Crawl Stone Soup version 0.20-a0-993-gba41c3c (webtiles) character file.

147 Monsterracer the Changer (level 5, 0/44 HPs)
             Began as a Naga Transmuter on Apr 11, 2017.
             Succumbed to an adder's poison
             ... on level 3 of the Dungeon.
             The game lasted 00:13:09 (3699 turns).

Monsterracer the Changer (Naga Transmuter)          Turns: 3699, Time: 00:13:10

Health: 0/44       AC:  4    Str: 12    XL:     5   Next: 29%
Magic:  8/8        EV: 10    Int: 14    God:
Gold:   161        SH:  0    Dex: 14    Spells: 4/8 levels left

rFire    . . .     SeeInvis +     - Unarmed
rCold    . . .     Gourm    +   (no shield)
rNeg     . . .     Faith    .   b - +1 robe
rPois    +         Spirit   .   (no helmet)
rElec    .         Reflect  .   (no cloak)
rCorr    .         Harm     .   (no gloves)
MR       +....                  (no barding)
Stlth    +.........             e - amulet of the gourmand
Regen    0.2/turn               (no ring)
MPRegen  0.2/turn               (no ring)

@: lethally poisoned (0 -> -2), very slow
A: see invisible, agile 1, deformed body, magic resistance 1, poison resistance,
shaggy fur 1, slowness 2, slow metabolism 1, spit poison 1, AC +1
a: Spit Poison


You were on level 3 of the Dungeon.
You were not hungry.

You visited 1 branch of the dungeon, and saw 3 of its levels.

You collected 161 gold pieces.

Inventory:

Armour
 b - a +1 robe (worn)
Jewellery
 e - an amulet of the gourmand (around neck)
Scrolls
 f - a scroll of fear
 h - 2 scrolls of identify
 i - 3 scrolls of remove curse
 l - 3 scrolls of teleportation
Potions
 a - a potion of mutation
Books
 c - a book of Changes

   Spells                             Type                      Level
   a - Beastly Appendage              Transmutation                1
   b - Sticks to Snakes               Transmutation                2
   c - Spider Form                    Transmutation/Poison         3
   d - Ice Form                       Ice/Transmutation            4
   e - Blade Hands                    Transmutation                5
Comestibles
 d - 2 bread rations
 g - a meat ration


   Skills:
 - Level 1.0 Fighting
 - Level 1.5 Dodging
 + Level 4.0 Unarmed Combat
 - Level 2.0 Spellcasting
 * Level 4.6 Transmutations


You had 4 spell levels left.
You knew the following spells:

 Your Spells              Type           Power        Failure   Level  Hunger
a - Beastly Appendage     Tmut           ##....       3%          1    ##.....
b - Spider Form           Tmut/Pois      #.........   30%         3    ####...


Dungeon Overview and Level Annotations

Branches:
Dungeon (3/15)

Altars:
Gozag


Innate Abilities, Weirdness & Mutations

You cannot wear boots.
Your serpentine skin is tough. (AC +1)
You have supernaturally acute eyesight. (SInv)
Armour fits poorly on your strangely shaped body.
Your system is resistant to poisons. (rPois)
You cover ground very slowly.
You have a slow metabolism.
You can spit poison.
You are agile. (Dex +2)
You are resistant to hostile enchantments. (MR+)
You are covered in fur. (AC +1)


Message History

Okay, then.
You hit the river rat but do no damage.
The river rat is lightly wounded.
You have got your breath back.
The river rat closely misses you.
You hit the river rat. You headbutt the river rat.
You kill the river rat!
Your Unarmed Combat skill increases to level 4!
* * * LOW HITPOINT WARNING * * *
You feel sick.
Your transformation is almost over.
* * * LOW HITPOINT WARNING * * *
You feel sick.
You see here an adder corpse.
* * * LOW HITPOINT WARNING * * *
You feel sick.
* * * LOW HITPOINT WARNING * * *
You feel sick.
Your horns disappear.
You die...

#.#
*,..###.###*,*
#.#
#..##.....##,#
#.#
#..#.8...8.#.#
#.#
##.#.......#.#
#.# #....._.....#
*,* #.#.......###
*,* #.#.8...8.#
*,* #.##.....##
*,**##.####@###
*,,,,...*##.#
*,****#.##..# *,*
#....##
***********#...##
*≈≈≈≈≈≈*≈≈≈#..†#
******≈*≈*≈#≈..#
*≈≈≈≈*≈*≈*≈#≈..#
*≈**≈≈≈≈≈*≈≈≈≈.#


There were no monsters in sight!

Vanquished Creatures
  A centaur skeleton (D:3)
  2 adders
  A river rat (D:3)
  An ooze (D:2)
  An adder zombie (D:3)
  An adder skeleton (D:3)
  2 dart slugs (D:1)
  2 leopard geckos (D:2)
  An orc (D:3)
  8 bats
  A giant cockroach (D:1)
  8 goblins
  11 hobgoblins
  7 jackals (D:2)
  3 frilled lizards
  15 kobolds
  A leopard gecko skeleton (D:3)
  2 rats (D:1)
68 creatures vanquished.

Notes
Turn   | Place    | Note
-------+----------+-------------------------------------------
     0 | D:1      | Monsterracer the Naga Transmuter began the quest for the Orb.
     0 | D:1      | Reached XP level 1. HP: 18/18 MP: 3/3
   120 | D:1      | Reached XP level 2. HP: 5/25 MP: 3/5
   756 | D:1      | You fall through a shaft!
   969 | D:2      | Reached XP level 3. HP: 9/31 MP: 6/6
   988 | D:2      | Learned a level 3 spell: Spider Form
  1294 | D:2      | Gained mutation: You are covered in fur. (AC +1) [potion of mutation]
  1294 | D:2      | Gained mutation: You are resistant to hostile enchantments. (MR+) [potion of mutation]
  1294 | D:2      | Gained mutation: You are agile. (Dex +2) [potion of mutation]
  2046 | D:1      | Reached XP level 4. HP: 28/38 MP: 5/7
  2625 | D:1      | Learned a level 3 spell: Spider Form
  3486 | D:3      | Reached XP level 5. HP: 26/44 MP: 6/8
  3649 | D:3      | Found an opulent altar of Gozag.
  3692 | D:3      | HP: 2/44 [poisoned by an adder]
  3699 | D:3      | Succumbed to an adder's poison

Vault maps used:
D:1:      matt_arrival_refuge
D:3:      lightli_sewer_entry_pipes, serial_undead, serial_undead_d,
          serial_undead_e, serial_undead_e, serial_undead_c, grunt_gozag_statues

Skill      XL: |  1  2  3  4  5 |
---------------+----------------+-----
Transmutations | 3 4 |  4.6
Unarmed Combat | 4 |  4.0
Fighting       | |  1.0
Dodging        | |  1.5
Spellcasting   | |  2.0

Action                   |  1- 3 |  4- 6 || total
-------------------------+-------+-------++-------
Melee: Unarmed           |   129 |   108 ||   237
       Headbutt          |    11 |    15 ||    26
 Cast: Beastly Appendage |    18 |    11 ||    29
       Spider Form       |     1 |     1 ||     2
 Abil: Spit Poison       |     8 |     6 ||    14
  Use: Potion            |     3 |     1 ||     4
       Scroll            |       |    12 ||    12
 Stab: Sleeping          |     2 |       ||     2
       Distracted        |       |     1 ||     1
  Eat: Chunk             |     3 |    10 ||    13
Armor: Robe              |    21 |    30 ||    51
       Skin              |     2 |       ||     2
Dodge: Dodged            |    79 |    69 ||   148
